 Dungeon Crawl Stone Soup version 0.24.0-37-gcf1ca852f1 (webtiles) character file.

Game seed: 11867729486560039383, levelgen mode: deterministic

42 PentaManta the Shield-Bearer (level 3, -2/29 HPs)
             Began as a Formicid Fighter on Dec 6, 2019.
             Slain by Sigmund
             ... wielding a +0 scythe
              (6 damage)
             ... on level 2 of the Dungeon.
             The game lasted 00:01:13 (1113 turns).

PentaManta the Shield-Bearer (Formicid Fighter)     Turns: 1113, Time: 00:01:13

Health: -2/29      AC:  6    Str: 21    XL:     3   Next: 77%
Magic:  3/3        EV:  8    Int:  7    God:
Gold:   90         SH:  0    Dex: 10    Spells: 2/2 levels left

rFire    . . .     SeeInvis +   a - +0 long sword
rCold    . . .     Gourm    .   c - +0 shield
rNeg     . . .     Faith    .   b - +0 scale mail
rPois    .         Spirit   .   (helmet unavailable)
rElec    .         Reflect  .   (no cloak)
rCorr    .         Harm     .   (no gloves)
MR       .....                  (no boots)
Stlth    ..........             (no amulet)
HPRegen  0.09/turn              (no ring)
MPRegen  0.08/turn              (no ring)

@: confused
A: permanent stasis, dig shafts and tunnels, four strong arms, antennae 3
a: Dig, Shaft Self


You were on level 2 of the Dungeon.
You were hungry.

You visited 1 branch of the dungeon, and saw 2 of its levels.

You collected 90 gold pieces.

Inventory:

Hand Weapons
 a - a +0 long sword (weapon)
Armour
 b - a +0 scale mail (worn)
 c - a +0 shield (worn)
Jewellery
 g - an uncursed ring of fire
 k - an uncursed ring of flight {unknown}
Scrolls
 h - a scroll of immolation {unknown}
 j - a scroll of amnesia {unknown}
Potions
 d - a potion of might
 e - 2 potions of heal wounds {unknown}
 i - a potion of haste {unknown}
Comestibles
 f - a ration


   Skills:
 - Level 3.2 Fighting
 * Level 3.3 Long Blades
 - Level 3.2 Armour
 + Level 4.2 Shields


You had 2 spell levels left.
You didn't know any spells.
Your spell library was empty.

Dungeon Overview and Level Annotations

Branches:
Dungeon (2/15)

Altars:

Annotations:
D:2 Sigmund


Innate Abilities, Weirdness & Mutations

You cannot be hasted, slowed, berserked, paralysed or teleported.
You can dig through walls and to a lower floor.
Your four strong arms can wield two-handed weapons with a shield.
You have a pair of large antennae on your head. (SInv)


Message History

You hit the kobold.
The kobold is heavily wounded.
The kobold barely misses you.
You riposte.
You slash the kobold!
You kill the kobold!
You block the worm's attack. Sigmund hits you with a +0 scythe!
Things that are here:
a cursed -3 short sword; a kobold corpse You hit Sigmund.
Sigmund is moderately wounded.
The worm bites you! Sigmund hits you with a +0 scythe!
* * * LOW HITPOINT WARNING * * *
Sigmund points at you and mumbles some strange words.
You are confused.
You bump into the rock wall.
You bump into the rock wall.
Sigmund closely misses you.
You're too confused!
You bump into the rock wall.
A jackal comes into view.
Sigmund hits you from afar with a +0 scythe.
You die...

....... #.# ......(
#.## .......##..######
................. {
.......).h.{.....
.......#w..####
.......#@#.#### ##
###.####.#....# #. #
###@####.###... #.
#...#......(..# #.
.(.#.....#..####.# #†
.............###.# ##
..####..........######
###
#...####.##..##....
#(### #.# #....... #.#
#.# #.#..### #.#
###.###...## #


You could see Sigmund, a worm and a jackal (wandering).

Vanquished Creatures
  An adder (D:2)
  An ooze (D:1)
  2 dart slugs (D:1)
  4 bats
  A goblin (D:1)
  3 hobgoblins
  A jackal (D:2)
  5 kobolds
  3 frilled lizards
  2 rats (D:2)
23 creatures vanquished.

Notes
Turn   | Place    | Note
-------+----------+-------------------------------------------
     0 | D:1      | PentaManta the Formicid Fighter began the quest for the
                  | Orb.
     0 | D:1      | Reached XP level 1. HP: 18/18 MP: 1/1
   156 | D:1      | Reached XP level 2. HP: 19/24 MP: 2/2
   322 | D:1      | Reached skill level 4 in Shields
   396 | D:1      | Reached XP level 3. HP: 26/29 MP: 3/3
  1101 | D:2      | Noticed Sigmund
  1113 | D:2      | Slain by Sigmund

Levels and vault maps discovered:
D:1:      lightli_iron_boxes, layout_basic
D:2:      layout_rooms, gammafunk_temple_overflow_elements, uniq_natasha,
          uniq_sigmund

Skill      XL: |  1  2  3 |
---------------+----------+-----
Shields        | 4 |  4.2
Long Blades    | 3 |  3.3
Fighting       | |  3.2
Armour         | |  3.2

Action                   || total
-------------------------++-------
Melee: Long sword        ||    61
Armor: Scale mail        ||    23
Dodge: Dodged            ||    17
Block: Shield            ||    18
       Rpst.: Long sword ||     6
